Map: Acropolis LE

Players

IIIIIIIIIIII

  • Race: Terran Terran
  • League: Master
  • Spawn Location: 5:00

Iceman - Winner!

  • Race: Zerg Zerg
  • League: Diamond
  • Spawn Location: 11:00

VOD

Have the link to the VOD?

Description

Time

  • Played on: July 6, 2019, 4:03 p.m.
  • Length: 18:25
Show
View Real Time Build Order
Export as new Build Order

IIIIIIIIIIII Terran 

Build Orders:  

Get SALT Encoding   

  12  0:00  SCV  
  13  0:13  SCV  
  14  0:17  Supply Depot  
  14  0:25  SCV  
  15  0:38  SCV  
  15  0:40  Barracks  
  16  0:50  SCV  
  16  0:57  Refinery  
  17  1:02  SCV  
  18  1:15  SCV  
  19  1:27  Orbital Command  
  19  1:28  Marine  
  20  1:36  Command Center  
  20  1:44  Refinery  
  20  1:46  Marine  
  21  1:53  Supply Depot  
  21  1:56  SCV  
  22  2:10  Factory  
  22  2:11  SCV  
  23  2:25  SCV  
  24  2:31  Barracks Reactor  
  24  2:35  Ghost Academy  
  24  2:37  SCV  
  25  2:50  SCV  
  26  2:53  Orbital Command  
  26  2:54  Factory Tech Lab  
  26  2:55  Starport  
  26  3:02  SCV  
  26  3:08  Marine x2  
  28  3:14  SCV  
  28  3:19  Hellion  
  32  3:20  SCV  
  32  3:26  SCV  
  33  3:37  SCV  
  33  3:38  Personal Cloaking  
  34  3:48  Refinery  
  34  3:50  Ghost  
  34  3:51  Hellion x2  
  34  3:52  SCV x2  
  42  3:59  Viking  
  44  4:04  SCV  
  46  4:10  SCV  
  46  4:11  Refinery  
  46  4:13  Supply Depot  
  46  4:25  SCV  
  46  4:28  Supply Depot  
  46  4:30  SCV  
  46  4:35  Hellion x2  
  50  4:38  SCV  
  50  4:39  Supply Depot  
  50  4:40  Ghost  
  53  4:49  SCV  
  53  4:51  Ghost Academy, Medivac  
  53  4:52  SCV  
  57  5:02  SCV, Hellion x2  
  62  5:07  SCV  
  62  5:09  Supply Depot  
  63  5:14  SCV  
  63  5:21  Ghost Academy, Engineering Bay  
  64  5:23  Nuke  
  64  5:24  Nuke  
  64  5:30  Ghost Academy  
  64  5:31  SCV  
  65  5:38  SCV  
  66  5:50  SCV  
  66  5:53  Nuke  
  66  5:55  SCV  
  68  5:57  Missile Turret, Command Center  
  68  6:02  SCV  
  69  6:05  Nuke  
  69  6:07  SCV  
  70  6:14  SCV  
  71  6:23  Nuke x2  
  67  7:04  SCV x2  
  67  7:18  Hellion x2  
  67  7:19  SCV x2  
  73  7:24  Armory  
  73  7:25  Orbital Command  
  69  7:31  SCV x2  
  71  7:48  SCV, Hellion x2  
  72  8:12  SCV, Hellion x2  
  77  8:18  Factory x2  
  77  8:19  Starport Reactor  
  77  8:22  Factory  
  77  8:23  Terran Vehicle Weapons Level 1  
  77  8:24  SCV  
  78  8:41  Hellion x2  
  76  9:02  Factory Tech Lab x2, Hellion x2  
  74  9:03  SCV  
  75  9:10  Barracks Tech Lab  
  75  9:24  Siege Tank x3  
  84  9:26  Infernal Pre-Igniter  
  84  9:29  SCV  
  85  9:33  Supply Depot  
  85  9:34  Supply Depot  
  85  9:35  Supply Depot  
  85  9:36  Refinery  
  85  9:37  Refinery  
  85  9:39  Supply Depot  
  85  9:41  Supply Depot  
  82  9:58  Siege Tank x3, SCV  
  91  10:02  SCV  
  92  10:12  Missile Turret  
  92  10:14  Missile Turret  
  92  10:32  Command Center  
  90  10:58  Cyclone x2, Viking  
  90  10:59  SCV, Viking  
  90  11:00  SCV, Nuke x2  
  102  11:05  Orbital Command  
  102  11:12  Nuke  
  102  11:14  Ghost  
  104  11:24  SCV, Terran Vehicle Weapons Level 2  
  105  11:27  Siege Tank  
  105  11:28  Hellion x2  
  105  11:30  Hellion x2  
  116  11:33  Supply Depot  
  116  11:36  Supply Depot  
  116  11:38  Supply Depot x2  
  116  11:39  Supply Depot  
  116  11:42  Ghost  
  116  11:43  SCV  
  116  11:44  Drilling Claws, Smart Servos  
  116  11:46  Mag-Field Accelerator  
  119  11:49  Hellion x2  
  119  11:51  Siege Tank x2  
  129  12:00  Hellion  
  125  12:08  Orbital Command  
  125  12:10  Hellion x2  
  125  12:13  SCV  
  126  12:20  Factory  
  126  12:21  Siege Tank  
  129  12:23  Siege Tank  
  129  12:24  Hellion  
  134  12:32  Hellion x2  
  138  12:45  Siege Tank  
  141  12:53  Hellion x3  
  141  12:56  Hellion  
  149  12:58  Factory  
  149  13:00  SCV  
  149  13:03  Factory  
  150  13:05  Factory  
  150  13:07  Factory Tech Lab  
  143  13:36  Hellion x2  
  143  13:41  Terran Vehicle And Ship Armor Level 1  
  136  13:52  Planetary Fortress  
  136  13:53  SCV  
  136  13:54  SCV x2  
  139  13:56  Refinery  
  139  13:57  Refinery  
  139  14:02  Missile Turret, Thor x2  
  139  14:03  Missile Turret, Thor x2  
  139  14:06  SCV x3, Missile Turret  
  139  14:09  Missile Turret  
  149  14:18  SCV x3  
  152  14:28  Ghost  
  152  14:30  Widow Mine x2, SCV x2  
  160  14:32  Factory Tech Lab x3  
  160  14:33  SCV  
  160  14:37  Missile Turret  
  161  14:38  Missile Turret  
  161  14:43  Sensor Tower  
  161  14:46  Widow Mine x4  
  161  14:47  SCV  
  170  14:56  Ghost  
  168  15:25  Ghost  
  164  15:40  Thor  
  170  15:47  Supply Depot  
  169  15:53  Hellion  
  171  16:17  Hellion x3  
  172  16:19  Thor  
  172  16:23  Siege Tank  
  172  16:24  Thor  
  171  16:26  Thor  
  172  16:35  Thor  
  172  16:39  Thor  
  161  16:47  SCV, Hellion x2  
  143  16:52  Viking x2  
  148  16:55  Siege Tank  
  148  16:58  Missile Turret  
  148  16:59  Missile Turret  
  148  17:00  Missile Turret  
  151  17:05  Command Center  
  151  17:22  Viking x2  
  85  17:52  Viking x2  
Show
View Real Time Build Order
Export as new Build Order

Iceman Zerg - Winner!

Build Orders: Hatch First, Swarm Host 

Get SALT Encoding   

  12  0:01  Drone  
  13  0:13  Overlord  
  13  0:16  Drone  
  14  0:31  Drone x2  
  16  0:48  Hatchery  
  15  0:51  Drone  
  15  0:55  Drone  
  17  0:58  Drone  
  18  1:09  Extractor  
  17  1:14  Spawning Pool  
  17  1:16  Drone  
  17  1:20  Drone  
  18  1:28  Drone  
  19  1:39  Drone  
  20  1:49  Overlord  
  20  2:01  Queen x2  
  20  2:02  Zergling x4  
  26  2:16  Hatchery  
  26  2:19  Drone  
  26  2:24  Drone  
  26  2:27  Metabolic Boost  
  27  2:31  Drone  
  28  2:40  Overlord  
  28  2:58  Drone x5  
  28  3:04  Drone  
  34  3:09  Drone  
  34  3:11  Drone  
  34  3:12  Overlord x2  
  36  3:18  Overlord  
  36  3:30  Zergling x2  
  36  3:31  Zergling x6  
  36  3:33  Drone  
  39  3:41  Drone x2  
  39  3:43  Queen x2  
  39  3:46  Drone x4  
  49  3:52  Drone x2  
  51  3:56  Drone  
  51  3:57  Queen  
  51  3:59  Drone  
  51  4:01  Drone  
  56  4:07  Drone  
  57  4:11  Drone  
  58  4:28  Drone x3  
  58  4:39  Spore Crawler  
  58  4:40  Spore Crawler  
  58  4:42  Spore Crawler  
  58  4:43  Lair  
  55  4:47  Zergling x6  
  55  4:48  Baneling Nest  
  55  4:50  Drone x2, Evolution Chamber  
  55  4:51  Overlord x2  
  58  5:07  Overlord  
  58  5:10  Drone x10  
  58  5:12  Drone  
  69  5:16  Drone x3  
  69  5:17  Queen  
  74  5:24  Queen, Spore Crawler  
  74  5:26  Spore Crawler  
  74  5:28  Drone x5  
  79  5:33  Extractor x2  
  79  5:35  Drone  
  78  5:38  Overlord, Zerg Ground Armor Level 1  
  78  5:44  Extractor, Drone x2  
  78  5:45  Extractor  
  78  5:47  Queen  
  80  5:53  Queen  
  82  6:05  Zergling x2  
  82  6:06  Zergling x2  
  82  6:07  Zergling x2  
  86  6:11  Drone x3  
  86  6:15  Centrifical Hooks  
  88  6:19  Zergling x2  
  88  6:20  Hydralisk Den  
  88  6:24  Zergling x2  
  88  6:25  Overlord x3  
  89  6:26  Overseer  
  87  6:37  Baneling  
  87  6:38  Baneling x4  
  51  6:53  Overseer  
  46  6:55  Drone x11  
  46  6:56  Overseer  
  46  6:58  Drone x4  
  46  7:00  Drone  
  62  7:05  Overlord  
  62  7:22  Zergling x14  
  67  7:26  Overseer  
  67  7:27  Extractor, Pneumatized Carapace  
  64  7:30  Drone x2  
  64  7:34  Drone  
  64  7:39  Muscular Augments  
  64  7:40  Drone x4, Zerg Missile Weapons Level 1  
  64  7:41  Drone  
  68  7:44  Drone  
  68  7:48  Drone  
  67  7:54  Drone  
  67  7:55  Drone  
  69  8:02  Drone x2  
  71  8:06  Drone  
  71  8:11  Drone x3  
  75  8:15  Drone x2  
  77  8:22  Hydralisk x2  
  81  8:29  Queen  
  81  8:30  Queen x2  
  81  8:33  Hatchery  
  86  8:35  Drone x3  
  86  8:39  Baneling  
  86  8:40  Baneling x11  
  87  8:42  Zergling x10  
  92  8:51  Grooved Spines, Hatchery, Zergling x4  
  93  9:00  Zergling x6  
  91  9:07  Baneling x2, Zergling x2  
  91  9:08  Overlord  
  91  9:09  Overlord  
  92  9:19  Drone x2  
  92  9:21  Drone  
  95  9:31  Zergling x4  
  97  9:36  Drone x2  
  99  9:49  Zergling x10  
  95  10:12  Drone x9  
  104  10:14  Spore Crawler  
  104  10:17  Drone x4  
  107  10:32  Drone x6  
  113  10:37  Hydralisk x5  
  113  10:42  Hydralisk  
  125  10:46  Drone  
  125  10:48  Extractor  
  125  10:50  Extractor  
  125  10:52  Zerg Ground Armor Level 2, Infestation Pit  
  125  10:55  Zergling x6  
  126  10:57  Overlord, Evolution Chamber  
  126  10:58  Overlord x3  
  126  11:00  Overlord x3  
  125  11:04  Overlord  
  125  11:05  Overlord  
  125  11:24  Drone x2  
  125  11:25  Drone x9  
  136  11:31  Drone x2  
  136  11:32  Drone  
  139  11:39  Spine Crawler  
  138  11:40  Spine Crawler  
  138  11:43  Hive, Spore Crawler  
  138  11:44  Zerg Missile Weapons Level 2  
  138  11:45  Hydralisk x7  
  150  12:06  Swarm Host x2  
  150  12:07  Swarm Host x6  
  150  12:08  Swarm Host x4  
  180  12:18  Spine Crawler  
  180  12:19  Hatchery, Spire  
  180  12:21  Spore Crawler  
  176  12:23  Overlord x2  
  176  12:24  Overlord  
  176  12:27  Hydralisk x6  
  188  12:30  Overlord x3  
  188  12:44  Hydralisk x5  
  188  12:47  Baneling x13  
  188  12:48  Baneling  
  198  12:57  Overlord x2  
  198  13:01  Adrenal Glands  
  198  13:06  Ultralisk Cavern  
  194  13:17  Hydralisk x4  
  199  13:29  Zerg Ground Armor Level 3  
  189  13:55  Greater Spire  
  168  14:25  Corruptor x2  
  168  14:26  Corruptor x12  
  196  14:41  Overseer x3  
  196  14:49  Drone x4  
  196  14:51  Extractor x2  
  198  14:54  Spore Crawler  
  198  14:55  Spine Crawler  
  196  15:06  Corruptor x2  
  172  15:44  Brood Lord  
  172  15:45  Brood Lord x8  
  172  15:47  Zergling x6  
  172  15:48  Zergling x26  
  191  15:57  Overseer x2  
  191  16:00  Overlord  
  191  16:02  Zergling x16  
  196  16:07  Baneling  
  196  16:08  Baneling x3  
  196  16:09  Baneling  
  196  16:10  Baneling x11  
  176  16:23  Brood Lord  
  151  16:31  Zergling x8  
  151  16:32  Zergling x32  
  155  16:44  Hydralisk x6  
  163  16:57  Drone x9  
  173  17:01  Drone  
  173  17:05  Overseer  
  173  17:06  Overseer  
  173  17:12  Drone  
  173  17:15  Drone x5  
  179  17:23  Drone x6  
  179  17:28  Hydralisk x5  
  182  17:32  Hydralisk  
  182  17:33  Hydralisk x2  
  175  17:38  Hydralisk x5  
  175  17:42  Hydralisk  
  185  17:44  Zergling x2  
  185  17:46  Hydralisk x2  
  185  17:47  Hydralisk x2  
  187  17:53  Hydralisk  
  187  18:01  Zergling x2  
  187  18:07  Overlord  
Tags
 
Composition
Swarm Host
Matchup
TvZ
Spawn Locations
Cross Positions
Add a new tag
Caveats
  • Supply blocks, unpowered buildings, or Contaminate may cause inaccurate times.
  • Supply counts are checked every 10 seconds.